 Dungeon Crawl Stone Soup version 0.29-a0-284-gf9362112df (webtiles) character file.

Game seed: 1194213913076238456

107200 bande the Severer (level 16, -5/101 HPs)
             Began as a Gargoyle Fighter on Mar 15, 2022.
             Was the Champion of Okawaru.
             Killed from afar by a fire dragon (43 damage)
             ... with a blast of flame
             ... on level 15 of the Dungeon.
             The game lasted 00:58:07 (24837 turns).

bande the Severer (Gargoyle Fighter)               Turns: 24837, Time: 00:58:07

Health: -5/101     AC: 49    Str: 23    XL:     16   Next: 46%
Magic:  24/24      EV:  8    Int: 10    God:    Okawaru [******]
Gold:   1713       SH: 14    Dex: 15    Spells: 15/15 levels left

rFire   . . .      SeeInvis .   T - +3 broad axe (flame)
rCold   + + +      Faith    .   t - +0 kite shield of Duck's Teeth {+Blink rC++ Dex-4}
rNeg    + . .      Spirit   .   O - +2 crystal plate armour {rC+}
rPois   ∞          Reflect  .   r - +3 helmet of Lugonu's Esteem {Will+ Str+2 Dex+4}
rElec   +          Harm     .   I - +1 cloak of Starlight {*Dazzle EV+4 Stlth--}
rCorr   +          Rampage  .   (no gloves)
Will    ++...                   z - +2 pair of boots
Stlth   ..........              u - amulet "Taym" {Regen+ rCorr}
HPRegen 1.06/turn               W - +4 ring of protection
MPRegen 0.19/turn               v - ring of resist corrosion

@: flying, studying Armour
A: sickness immunity, AC +12, big wings, negative energy resistance 1,
electricity resistance, torment resistance 1, petrification resistance
a: Renounce Religion, Evoke Blink, Heroism, Finesse, Duel


You were on level 15 of the Dungeon.
You worshipped Okawaru.
Okawaru was exalted by your worship.
You visited 3 branches of the dungeon, and saw 22 of its levels.
You also visited: Ossuary and Ice Cave.

You collected 1713 gold pieces.

Inventory:

Hand Weapons
 E - a +2 vorpal broad axe
 T - a +3 broad axe of flaming (weapon)
Missiles
 d - 2 throwing nets (quivered)
Armour
 g - a +1 tower shield
 r - the +3 helmet of Lugonu's Esteem (worn) {Will+ Str+2 Dex+4}
   (You took it off Robin on level 3 of the Dungeon)

   Str:       It affects your strength (+2).
   Dex:       It affects your dexterity (+4).
   Will:      It increases your willpower.
 t - the +0 kite shield of Duck's Teeth (worn) {+Blink rC++ Dex-4}
   (You acquired it on level 5 of the Lair of Beasts)

   Dex:       It affects your dexterity (-4).
   rC:        It greatly protects you from cold.
   +Blink:    It lets you blink.
 z - a +2 pair of boots (worn)
 I - the +1 cloak of Starlight (worn) {*Dazzle EV+4 Stlth--}
   (You acquired it on level 2 of the Lair of Beasts)

   It may blind those who miss an attack against the wearer in melee combat.
   EV:        It affects your evasion (+4).
   Stlth:     It makes you much less stealthy.
 O - a +2 crystal plate armour of cold resistance (worn)
 P - a scarf of resistance
 V - a +1 cloak of preservation
Jewellery
 u - the amulet "Taym" (around neck) {Regen+ rCorr}
   (You found it on level 4 of the Dungeon)

   [amulet of regeneration]

   Regen:     It increases your rate of health regeneration.
   rCorr:     It protects you from acid and corrosion.
 v - a ring of resist corrosion (right hand)
 w - a ring of protection from fire
 x - a +6 ring of strength
 y - an amulet of regeneration
 G - an amulet of reflection
 H - a ring of ice
 R - a ring of fire
 W - a +4 ring of protection (left hand)
Wands
 k - a wand of polymorph (2)
 C - a wand of mindburst (10)
 J - a wand of iceblast (14)
 M - a wand of digging (8)
 N - a wand of paralysis (17)
 S - a wand of flame (18)
 X - a wand of acid (4)
Scrolls
 a - 4 scrolls of holy word
 f - 10 scrolls of fear
 m - 2 scrolls of enchant weapon
 n - 7 scrolls of magic mapping
 o - 7 scrolls of amnesia
 q - 6 scrolls of teleportation
 A - 2 scrolls of blinking
 F - 4 scrolls of enchant armour
 K - 11 scrolls of identify
 L - 2 scrolls of fog
 Q - a scroll of silence
 Y - a scroll of brand weapon
Potions
 c - 2 potions of brilliance
 h - 3 potions of cancellation
 i - 6 potions of curing
 j - 4 potions of haste
 l - 3 potions of flight
 p - 4 potions of invisibility
 s - 5 potions of ambrosia
 D - 3 potions of mutation
Miscellaneous
 b - a phial of floods
 B - a piece from Xom's chessboard (15/15)
 U - a condenser vane
 Z - a lightning rod (4/4)


   Skills:
 + Level 11.8 Fighting
 + Level 17.2 Axes
 + Level 11.6 Armour
 - Level 0.3 Stealth
 + Level 15.9 Shields
 - Level 11.1 Invocations
 - Level 9.5 Evocations


You had 15 spell levels left.
You didn't know any spells.
Your spell library contained the following spells:

 Spells                   Type           Power      Damage    Failure   Level
 Apportation              Tloc           0%         N/A       100%        1
 Corpse Rot               Necr/Air       0%         N/A       100%        2
 Ensorcelled Hibernation  Hex/Ice        0%         N/A       100%        2
 Static Discharge         Conj/Air       0%         N/A       100%        2
 Confusing Touch          Hex            0%         N/A       100%        3
 Gell's Gravitas          Tloc           0%         N/A       100%        3
 Lesser Beckoning         Tloc           0%         N/A       100%        3
 Ozocubu's Armour         Ice            0%         N/A       100%        3
 Spider Form              Tmut/Pois      0%         N/A       100%        3
 Teleport Other           Tloc           0%         N/A       100%        3
 Anguish                  Hex/Necr       0%         N/A       100%        4
 Fulminant Prism          Conj/Hex       0%         3d6       100%        4
 Ice Form                 Ice/Tmut       0%         N/A       100%        4
 Iskenderun's Mystic Bla  Conj/Tloc      0%         2d3       100%        4
 Alistair's Intoxication  Tmut/Pois      0%         N/A       100%        5
 Borgnjor's Vile Clutch   Necr/Erth      0%         N/A       100%        5
 Fireball                 Conj/Fire      0%         3d3       100%        5
 Freezing Cloud           Conj/Ice/Air   0%         6-21      100%        5
 Iskenderun's Battlesphe  Conj           0%         2d6       100%        5
 Lee's Rapid Deconstruct  Erth           0%         3d5*      100%        5
 Lightning Bolt           Conj/Air       0%         1d11      100%        5
 Yara's Violent Unravell  Hex/Tmut       0%         3d3       100%        5
 Conjure Ball Lightning   Conj/Air       0%         3x3d6     100%        6
 Enfeeble                 Hex            0%         N/A       100%        7
 Orb of Destruction       Conj           0%         9d5       100%        7
 Ozocubu's Refrigeration  Ice            0%         4d5       100%        7
 Borgnjor's Revivificati  Necr           0%         N/A       100%        8
 Maxwell's Capacitive Co  Air            0%         ∞         100%        8
 Necromutation            Tmut/Necr      0%         N/A       100%        8
 Death's Door             Necr           0%         N/A       100%        9
 Animate Skeleton         Necr           Unusable   N/A       N/A         1

Dungeon Overview and Level Annotations

Branches:
Dungeon (15/15)            Temple (1/1) D:7            Lair (6/6) D:11
 Shoals (0/4) Lair:2       Spider (0/4) Lair:2        Slime (0/5) Lair:6
    Orc (0/2) D:9          Vaults (0/5) D:13         Depths (0/4) D:15
Ossuary (visited)           IceCv (visited)

Altars:
Ashenzari
Cheibriados
Dithmenos
Elyvilon
Fedhas
Gozag
Hepliaklqana
Kikubaaqudgha
Makhleb
Nemelex Xobeh
Okawaru
Qazlal
Ru
Sif Muna
Trog
Uskayaw
Vehumet
Wu Jian
Xom
Yredelemnul
Zin
The Shining One
Beogh
Jiyva

Shops:
D:1 (   D:6 *=*   D:11 *   D:12 :

Annotations:
D:3 3 runed translucent doors, Bimmy's ghost, weakling FeFi


Innate Abilities, Weirdness & Mutations

You are immune to sickness and miasma.
Your stone body is resilient. (AC +12)
You are immune to poison.
Your large and strong wings let you fly.
You resist negative energy. (rN+)
You are resistant to electric shocks. (rElec)
You are resistant to unholy torment.
You are immune to petrification.


Message History

The ice dragon barely misses you. You block the ice dragon's attack.
The ice dragon tramples you!
You are shoved backwards!
Found a staircase to the Depths.
Unknown command.
The ice dragon bites you but does no damage.
The ice dragon claws you but does no damage.
The ice dragon closely misses you.
The ice dragon bites you but does no damage.
You block the ice dragon's attack. x2
The fire dragon bites you but does no damage.
The fire dragon claws you but does no damage.
You block the fire dragon's attack.
You hit the ice dragon. You burn the ice dragon.
The ice dragon is heavily wounded.
You slash the fire dragon! You burn the fire dragon. You slice the ice dragon!!
You burn the ice dragon!
The ice dragon is severely wounded.
You hit the fire dragon but do no damage.
The ice dragon breathes frost at you. The blast of cold hits you. You resist.
The fire dragon bites you.
The fire dragon claws you but does no damage.
The fire dragon tramples you but does no damage.
You barely miss the ice dragon.
The ice dragon is severely wounded.
You hit the fire dragon. You block the ice dragon's attack.
The ice dragon claws you but does no damage.
The ice dragon tramples you but does no damage.
You block the fire dragon's attack.
The fire dragon claws you but does no damage.
The fire dragon tramples you.
You hold your ground!
You slice the ice dragon!! You burn the ice dragon!
You kill the ice dragon!
Okawaru accepts your kill.
You hit the fire dragon but do no damage.
The fire dragon is no longer blind.
The fire dragon bites you!
The fire dragon claws you but does no damage.
You block the fire dragon's attack. The fire dragon breathes flames at you.
The blast of flame hits you!!!
You die...

#.........# #.........#
. #.........#####..
#................
#................
########......#........
##$$$$.###.8..##..######
#.......##...##...#
#>.#####@D...##....#
#.......#####.....#
##$$$$.##...!.....#
#######..........#
.......)........##
#########........#
.......#........#
.......#........#
.......#........#


You could see a fire dragon (catching breath).

Vanquished Creatures
  A frost giant (D:14)
  A stone giant (D:14)
  A dire elephant (Lair:1)
  A yaktaur captain (D:14)
  A deep elf high priest (D:14)
  A fire dragon (D:14)
  An ice dragon (D:15)
  8 hydras
  3 catoblepae (Lair:6)
  An ogre mage (D:13)
  An anaconda (Lair:1)
  5 boulder beetles
  8 centaur warriors
  8 vault guards (D:13)
  9 two-headed ogres
  A dancing weapon (D:10)
  A tengu warrior (D:13)
  15 death yaks
  The ghost of amoryguerra the Cleaver, a novice MiBe of Trog (D:6)
  The ghost of SirDiesAlot the Geomancer, a novice DEEE of Dithmenos (D:10)
  2 deep elf pyromancers
  A necromancer (IceCv)
  A phantasmal warrior (D:14)
  A wolf spider (D:14)
  8 manticores
  8 cyclopes
  14 ugly things
  A merfolk siren (Lair:2)
  3 black mambas
  Maurice (D:13)
  14 elephants
  An ice statue (IceCv)
  2 gargoyles
  A torpor snail (Lair:6)
  10 cane toads
  A kobold demonologist (D:13)
  An efreet (D:14)
  5 rime drakes
  3 freezing wraiths (IceCv)
  12 komodo dragons
  An anaconda simulacrum (IceCv)
  14 ice devils (IceCv)
  An entropy weaver simulacrum (IceCv)
  2 merfolk (Lair:2)
  4 meliai
  A queen bee (Lair:6)
  6 trolls
  3 polar bears
  17 blink frogs
  A hornet (D:10)
  7 dream sheep (Lair:5)
  53 yaks
  2 centaur simulacra (D:14)
  A shadow (D:11)
  8 wyverns
  5 wraiths
  A dire elephant simulacrum (IceCv)
  5 basilisks
  4 redbacks (Lair:2)
  3 vampire mosquitoes (D:14)
  A harpy simulacrum (IceCv)
  3 death yak simulacra (IceCv)
  Edmund (D:5)
  3 acid dragons
  18 water moccasins
  9 orc warriors
  An ice beast (D:5)
  A sky beast (D:7)
  7 black bears
  11 wolves
  9 ogres
  8 centaurs
  A phantom (D:7)
  4 kobold brigands
  7 gnoll sergeants
  8 bullfrogs
  13 scorpions
  3 necrophages
  A two-headed ogre simulacrum (IceCv)
  5 cane toad simulacra (IceCv)
  7 wights
  6 elephant simulacra (IceCv)
  23 killer bees
  2 electric eels (Lair:1)
  A vampire bat (D:4)
  4 howler monkeys
  2 centaur zombies (Ossuary)
  2 jellies
  2 human zombies (Ossuary)
  8 orc priests
  A gnoll shaman (D:5)
  2 hounds
  Jessica (D:2)
  3 scorpion zombies (Ossuary)
  7 orc wizards
  3 iguanas
  3 spriggan simulacra (IceCv)
  A polar bear simulacrum (IceCv)
  5 wolf simulacra (IceCv)
  3 mummies (Ossuary)
  Robin (D:3)
  20 gnolls
  13 adders
  6 shadow imps
  2 white imps
  An ufetubus (IceCv)
  4 dart slugs (D:1)
  3 fire bats (D:4)
  63 orcs
  2 spectral bats (D:4)
  9 ball pythons
  3 bat skeletons (D:4)
  A bat zombie (D:4)
  3 endoplasms
  A gnoll zombie (Ossuary)
  13 goblins
  9 hobgoblins
  2 quokkas
  15 bats
  A bat simulacrum (D:4)
  2 goblin zombies (Ossuary)
  2 hobgoblin zombies (Ossuary)
  7 kobolds
  4 kobold zombies (Ossuary)
  3 orc zombies (Ossuary)
  7 rats
695 creatures vanquished.

Vanquished Creatures (others)
  A vampire (D:11)
  74 fungi
  41 plants
116 creatures vanquished.

Grand Total: 811 creatures vanquished

Notes
Turn   | Place    | Note
-------+----------+-------------------------------------------
     0 | D:1      | bande the Gargoyle Fighter began the quest for the Orb.
     0 | D:1      | Reached XP level 1. HP: 14/14 MP: 1/1
    72 | D:1      | Found Losanon's Weapon Shoppe.
   182 | D:1      | Reached XP level 2. HP: 19/19 MP: 2/2
   231 | D:1      | Found a faded altar of an unknown god.
   617 | D:1      | Reached XP level 3. HP: 23/23 MP: 3/3
   999 | D:2      | Noticed Jessica
  1007 | D:2      | Killed Jessica
  1008 | D:2      | Reached skill level 2 in Axes
  1090 | D:2      | Reached XP level 4. HP: 29/29 MP: 4/4
  1836 | D:3      | Identified the +3 helmet of Lugonu's Esteem {Will+ Str+2
                  | Dex+4}
  1836 | D:3      | Noticed Robin
  1840 | D:3      | Reached XP level 5. HP: 23/33 MP: 5/5
  1859 | D:3      | Killed Robin
  2447 | D:3      | Found a runed translucent gate.
  2447 | D:3      | Found a runed translucent gate.
  2447 | D:3      | Found a runed translucent gate.
  2448 | D:3      | Noticed a kobold brigand
  2448 | D:3      | Noticed Bimmy's ghost (weakling FeFi)
  2618 | D:3      | Reached skill level 3 in Axes
  3031 | D:4      | Reached XP level 6. HP: 38/38 MP: 6/6
  3117 | D:4      | Noticed a black bear
  3127 | D:4      | Killed a black bear
  3128 | D:4      | Reached skill level 5 in Armour
  3128 | D:4      | Reached skill level 5 in Shields
  3244 | D:4      | Identified the amulet "Taym" {Regen+ rCorr}
  3359 | D:4      | Found a sand-covered staircase.
  3369 | Ossuary  | Entered an ossuary
  3389 | Ossuary  | Reached skill level 4 in Axes
  3389 | Ossuary  | Reached XP level 7. HP: 42/43 MP: 7/7
  3530 | Ossuary  | Reached skill level 5 in Axes
  3530 | Ossuary  | Reached XP level 8. HP: 35/48 MP: 8/8
  3770 | D:4      | Reached skill level 5 in Fighting
  3952 | D:4      | Reached skill level 6 in Axes
  4005 | D:5      | Entered Level 5 of the Dungeon
  4088 | D:5      | Noticed Edmund
  4100 | D:5      | Killed Edmund
  4271 | D:5      | Reached XP level 9. HP: 54/54 MP: 9/9
  5016 | D:5      | Reached skill level 7 in Axes
  5256 | D:6      | Found a runed translucent gate.
  5258 | D:6      | Found a runed translucent gate.
  5259 | D:6      | Found a runed translucent gate.
  5260 | D:6      | Noticed amoryguerra's ghost (novice MiBe)
  5518 | D:6      | Found Baprain's Jewellery Shoppe.
  5521 | D:6      | Found Reroi's Assorted Antiques.
  5522 | D:6      | Found Asame's Assorted Antiques.
  6095 | D:6      | Killed amoryguerra's ghost
  6233 | D:7      | Reached skill level 8 in Axes
  6233 | D:7      | Reached XP level 10. HP: 60/60 MP: 10/10
  6397 | D:7      | Found a staircase to the Ecumenical Temple.
  6403 | Temple   | Entered the Ecumenical Temple
  7494 | D:7      | Found a shimmering blue altar of Sif Muna.
  7660 | D:8      | Reached skill level 10 in Shields
  8030 | D:8      | Reached skill level 9 in Axes
  8171 | D:8      | Found an iron altar of Okawaru.
  8201 | D:8      | Became a worshipper of Warmaster Okawaru
  8211 | D:8      | Found a shimmering altar of Xom.
  8324 | D:8      | Reached skill level 1 in Invocations
  8963 | D:8      | Reached skill level 1 in Evocations
  9194 | D:9      | Reached * piety under Okawaru
  9206 | D:9      | Found a staircase to the Orcish Mines.
  9220 | D:10     | Entered Level 10 of the Dungeon
  9230 | D:10     | Reached XP level 11. HP: 67/67 MP: 12/12
  9500 | D:9      | Reached ** piety under Okawaru
  9889 | D:10     | Found a runed translucent door.
  9889 | D:10     | Found a shimmering altar of Xom.
  9889 | D:10     | Noticed SirDiesAlot's ghost (novice DEEE)
  9890 | D:10     | Noticed a +2 hand axe of chaos
 10168 | D:10     | Noticed a two-headed ogre
 10174 | D:10     | Killed a two-headed ogre
 10951 | D:10     | Killed a +2 hand axe of chaos
 10966 | D:10     | Killed SirDiesAlot's ghost
 11034 | D:11     | Reached *** piety under Okawaru
 11035 | D:11     | Reached skill level 10 in Axes
 11138 | D:11     | Noticed a two-headed ogre
 11144 | D:11     | Killed a two-headed ogre
 11230 | D:11     | Noticed a two-headed ogre
 11239 | D:11     | Killed a two-headed ogre
 11312 | D:11     | Noticed a manticore
 11319 | D:11     | Reached **** piety under Okawaru
 11339 | D:11     | Killed a manticore
 11681 | D:11     | Noticed a cyclops
 11697 | D:11     | Killed a cyclops
 11698 | D:11     | Reached XP level 12. HP: 73/73 MP: 15/15
 11728 | D:11     | Found Baim's General Store.
 11997 | D:11     | Found a staircase to the Lair.
 12415 | D:12     | Found a frozen archway.
 12427 | D:12     | Reached skill level 5 in Invocations
 12437 | IceCv    | Entered an ice cave
 12454 | IceCv    | Reached ***** piety under Okawaru
 12454 | IceCv    | Received a gift from Okawaru
 13763 | IceCv    | Found an ancient bone altar of Kikubaaqudgha.
 13771 | IceCv    | Received a gift from Okawaru
 13851 | IceCv    | Reached skill level 11 in Axes
 14026 | IceCv    | Reached skill level 5 in Evocations
 14594 | IceCv    | Got Exkeskio's Disquisition on the Ghastly Frostbite
 14904 | D:12     | Found Qikkyac's Book Shop.
 14928 | D:12     | Reached XP level 13. HP: 61/79 MP: 17/17
 15299 | Lair:1   | Entered Level 1 of the Lair of Beasts
 15722 | Lair:1   | Noticed a dire elephant
 15748 | Lair:1   | Killed a dire elephant
 15749 | Lair:1   | Reached skill level 12 in Axes
 15781 | Lair:1   | Reached ****** piety under Okawaru
 16545 | Lair:2   | Found a hole to the Spider Nest.
 16559 | Lair:2   | Received a gift from Okawaru
 17205 | Lair:2   | Found a staircase to the Shoals.
 17284 | Lair:2   | Identified 3 scrolls of acquirement
 17284 | Lair:2   | Acquired a manual of Axes
 17287 | Lair:2   | Acquired the +1 cloak of Starlight {*Dazzle EV+4 Stlth--}
 17287 | Lair:2   | Found the +1 cloak of Starlight {*Dazzle EV+4 Stlth--}
 17294 | Lair:2   | Acquired a +2 broad axe of freezing
 18197 | Lair:3   | Gained mutation: Your large and strong wings let you fly.
                  | [Gargoyle growth]
 18197 | Lair:3   | Reached XP level 14. HP: 86/86 MP: 20/20
 18746 | Lair:4   | Identified the +0 chain mail of Utzugoro {Str+8 Stlth-}
 19038 | Lair:4   | Received a gift from Okawaru
 19892 | Lair:5   | Reached skill level 13 in Axes
 20257 | Lair:5   | Acquired a manual of Armour
 20259 | Lair:5   | Acquired the +0 kite shield of Duck's Teeth {+Blink rC++
                  | Dex-4}
 20726 | Lair:5   | Reached skill level 10 in Fighting
 20955 | Lair:5   | You are sucked into a shaft and drop 1 floor!
 20955 | Lair:6   | Entered Level 6 of the Lair of Beasts
 20963 | Lair:6   | Reached skill level 10 in Armour
 20967 | Lair:6   | Received a gift from Okawaru
 20968 | Lair:6   | Reached skill level 14 in Axes
 21180 | Lair:6   | Identified the +1 chain mail of Mezcal {rElec rF+}
 21290 | Lair:6   | Reached XP level 15. HP: 85/92 MP: 22/22
 21421 | Lair:6   | Reached skill level 15 in Shields
 21477 | Lair:6   | Found a staircase to the Slime Pits.
 21478 | Lair:6   | Found a viscous altar of Jiyva.
 21668 | Lair:6   | Reached skill level 15 in Axes
 21723 | Lair:6   | Received a gift from Okawaru
 21767 | Lair:6   | Reached skill level 10 in Invocations
 22003 | Lair:6   | Identified the +0 kite shield of Zujo {Str+8 Slay-3}
                  | (Okawaru gifted it to you on level 6 of the Lair of Beasts)
 22003 | Lair:6   | Received a gift from Okawaru
 22704 | D:13     | Reached skill level 16 in Axes
 22779 | D:13     | Found a gate leading to a gauntlet.
 22870 | D:13     | Noticed Maurice
 22882 | D:13     | Killed Maurice
 23265 | D:13     | Found a gate to the Vaults.
 23425 | D:14     | Reached XP level 16. HP: 100/100 MP: 24/24
 23619 | D:14     | Identified the +2 plate armour of Fashionability {Int+3}
                  | (Okawaru gifted it to you on level 14 of the Dungeon)
 23619 | D:14     | Received a gift from Okawaru
 23633 | D:14     | Found a white marble altar of Elyvilon.
 24318 | D:14     | Reached skill level 17 in Axes
 24481 | D:14     | Identified the +7 executioner's axe of Pose {spect, Str+3
                  | Dex+6}
 24712 | D:15     | Entered Level 15 of the Dungeon
 24830 | D:15     | Found a staircase to the Depths.
 24837 | D:15     | Killed from afar by a fire dragon

Illustrated notes

Levels and vault maps discovered:
D:1:      minmay_arrival_hallway, layout_basic, serial_shops, shop,
          shapermc_ecumenical_altar_acropolis, amethyst_killhole
D:2:      kennysheep_big_flooded_room, layout_loops_ring,
          nicolae_underground_beach, uniq_jessica
D:3:      layout_loops_ring, gammafunk_ghost_nasty_kobolds, uniq_robin
D:4:      layout_cave_pools, enter_ossuary_1, goddamned_bats
D:5:      minmay_skewed_foursquare, layout_gridville, portal_sewer_entry_e,
          uniq_edmund
D:6:      layout_basic, ebering_ghost_rock_garden, dk_noncrumbling_4,
          nicolae_wooded_promenade, minmay_checkerbox
D:7:      layout_basic, tgw_sif, minmay_temple_entry_hall,
          chequers_decorated_corner, minmay_puff
D:8:      layout_layer_cave, mainiacjoe_overflow_catch_the_wave, special_room
          [special_room_orc]
D:9:      layout_long_grid, kennysheep_orc_monster_closet_entryway
D:10:     layout_loops_ring, ebering_ghost_xom
D:11:     layout_basic, lair_entry_dummy, serial_shops, nicolae_lakefront_shop,
          chequers_arboretum, minmay_starry_boxes
D:12:     layout_cave_pools, serial_shops,
          nicolae_shop_temple_entry_statues_fountains, portal_ice_cave_rime
D:13:     layout_rooms, erik_vaults_2, gauntlet_entry_generic,
          hangedman_decor_lopped, uniq_maurice
D:14:     minmay_box_of_curves, layout_long_grid, elyvilon_altar_3
D:15:     grunt_enter_depths_hoard, layout_irregular_city, minmay_misc_feat_room
Temple:   mainiacjoe_temple_bowtie_tessellation
Lair:1:   layout_hall_layers, nicolae_lair_grove_arrangements,
          serial_bayou_pond_b, nicolae_lair_lakeside_cave, serial_bayou_shore_b
Lair:2:   layout_cave_pods, elwin_shoals_entry_rooms, spider_nest_entry_webs,
          infiniplex_staircase_pool_2
Lair:3:   layout_cave_pods, nzn_sisyphean_effort
Lair:4:   layout_layer_cave, grunt_forest_small_clearing_treed
Lair:5:   layout_cellular_growth, st_stairs_5
Lair:6:   evilmike_catoblepas_cave, layout_gridlike, slime_altar_1, special_room
          [special_room_bee]

Skill      XL: |  1  2  3  4  5  6  7  8  9 10 11 12 13 14 15 16 |
---------------+-------------------------------------------------+-----
Axes           | 2 3 4 5 6 8 9 10 11 12 14 16 17 | 17.2
Armour         | 4 5 6 7 8 9 10 11 | 11.6
Shields        | 4 5 6 7 9 10 11 12 14 15 | 15.9
Fighting       | 4 5 6 7 8 9 10 11 | 11.8
Invocations    | 2 4 6 8 9 10 11 | 11.1
Evocations     | 1 3 5 6 8 9 |  9.5
Stealth        | |  0.3

Action                   |  1- 3 |  4- 6 |  7- 9 | 10-12 | 13-15 | 16-18 || total
-------------------------+-------+-------+-------+-------+-------+-------++-------
Melee: War axe           |    50 |       |    92 |   718 |   221 |       ||  1081
       Hand axe          |    10 |   124 |   250 |       |       |       ||   384
       Broad axe         |       |       |       |       |   816 |   208 ||  1024
       Flail             |       |       |       |       |    37 |       ||    37
Invok: Heroism           |       |       |       |     2 |     3 |       ||     5
  Use: Scroll            |     4 |       |     9 |    12 |     9 |       ||    34
       Potion            |       |       |       |    11 |     5 |       ||    16
 Stab: Invisible         |       |       |       |       |    30 |     5 ||    35
Armor: Scale mail        |    33 |    72 |   196 |   329 |       |       ||   630
       Crystal plate arm |       |       |       |   213 |   998 |   167 ||  1378
Dodge: Dodged            |    19 |    31 |    72 |   155 |   299 |    55 ||   631
Block: Tower shield      |    38 |    98 |   340 |   997 |   719 |       ||  2192
       Buckler           |     3 |       |       |       |       |       ||     3
       Kite shield       |       |       |       |       |   479 |   159 ||   638

Table legend: (Time is in decaauts)
 A = Elapsed time spent in this place.
 B = Non-inter-level travel time spent in this place.
 C = Inter-level travel time spent in this place.
 D = Time resting spent in this place.
 E = Time spent auto-exploring this place.
 F = Levels seen in this place.
 G = Mean time per level.
                   A        B        C        D        E       F      G
               +--------+--------+--------+--------+--------+-----+--------+
         Total |  25317 |  24666 |    651 |   3974 |  14375 |  24 | 1054.9 |
       Dungeon |  14989 |  14585 |    404 |   1696 |   9158 |  15 |  999.3 |
        Temple |    277 |    215 |     62 |      0 |    204 |   1 |  277.0 |
          Lair |   7316 |   7131 |    185 |    678 |   4641 |   6 | 1219.3 |
       Ossuary |    359 |    359 |      0 |      0 |    128 |   1 |  359.0 |
      Ice Cave |   2373 |   2373 |      0 |   1600 |    244 |   1 | 2373.0 |
               +--------+--------+--------+--------+--------+-----+--------+

Top non-repeatable levels by time:
   IceCv: 2373 daAuts
    D:11: 1543 daAuts
  Lair:6: 1420 daAuts
     D:3: 1414 daAuts
     D:7: 1330 daAuts
  Lair:5: 1322 daAuts
    D:14: 1306 daAuts
     D:8: 1293 daAuts
  Lair:1: 1272 daAuts
    D:10: 1261 daAuts
     D:6: 1142 daAuts
  Lair:4: 1140 daAuts
  Lair:2: 1099 daAuts
     D:5: 1074 daAuts
  Lair:3: 1061 daAuts
